 Dungeon Crawl Stone Soup version 0.23-a0-417-gf02c810438 (webtiles) character file.

99168 Napalmbreeze the Severer (level 15, 0/143 HPs)
             Began as a Minotaur Gladiator on Nov 11, 2018.
             Was the Champion of Okawaru.
             Slain by an orc warlord
             ... wielding a +1 battleaxe
              (22 damage)
             ... while paralysed
             ... on level 2 of the Orcish Mines.
             The game lasted 00:55:22 (25346 turns).

Napalmbreeze the Severer (Minotaur Gladiator)      Turns: 25346, Time: 00:55:22

Health: 0/143      AC: 24    Str: 25    XL:     15   Next: 76%
Magic:  20/20      EV:  2    Int:  9    God:    Okawaru [******]
Gold:   1234       SH:  0    Dex: 16    Spells: 14/14 levels left

rFire    . . .     SeeInvis +   B - +5 broad axe "Nuitanlu" {elec, *Rage +Blink rElec rF- rC+ SInv}
rCold    + + .     Gourm    .   q - +2 shield {rPois}
rNeg     . . .     Faith    .   V - +1 plate armour of the Shoals {Int+4 Dex+4}
rPois    +         Spirit   .   c - +0 hat
rElec    +         Reflect  .   O - scarf {rC+ rF+}
rCorr    .         Harm     +   A - +0 pair of gloves
MR       +....     Rnd*Rage +   J - +0 pair of boots
Stlth    ..........             I - amulet of harm
HPRegen  0.33/turn              E - +1 ring of protection
MPRegen  0.17/turn              k - ring of poison resistance

@: paralysed, heroism, berserk cooldown, slowed
A: retaliatory headbutt, horns 2
a: Heroism, Finesse, Renounce Religion, Evoke Blink


You were on level 2 of the Orcish Mines.
You worshipped Okawaru.
Okawaru was exalted by your worship.
You were not hungry.

You visited 4 branches of the dungeon, and saw 24 of its levels.
You also visited: Labyrinth, Sewer and Bailey.

You collected 2270 gold pieces.
You spent 1036 gold pieces at shops.

Inventory:

Hand Weapons
 a - a +0 vampiric broad axe
 B - the +5 broad axe "Nuitanlu" (weapon) {elec, *Rage +Blink rElec rF- rC+ SInv}
   (Okawaru gifted it to you on level 13 of the Dungeon)

   Occasionally, upon striking a foe, it will discharge some electrical energy
   and cause terrible harm.
   It makes you vulnerable to fire.
   It protects you from cold.
   It insulates you from electricity.
   It lets you see invisible.
   It lets you blink.
   It may make you go berserk in combat.
 W - the +8 whip "Mireax" {venom, Int+4}
   (You found it on level 1 of the Lair of Beasts)

   It poisons the flesh of those it strikes.
   It affects your intelligence (+4).
 Z - a +2 battleaxe of electrocution
Armour
 c - a +0 hat (worn)
 q - a +2 shield of poison resistance (worn)
 v - the +0 cloak of Moral Flaws {Str+7}
   (Okawaru gifted it to you on level 6 of the Lair of Beasts)

   It affects your strength (+7).
 y - a +1 cloak of magic resistance
 A - a +0 pair of gloves (worn)
 J - a +0 pair of boots (worn)
 O - a scarf of resistance (worn)
 V - the +1 plate armour of the Shoals (worn) {Int+4 Dex+4}
   (You bought it in a shop on level 8 of the Dungeon)

   It affects your intelligence (+4).
   It affects your dexterity (+4).
Jewellery
 i - an uncursed amulet of the gourmand
 k - a ring of poison resistance (right hand)
 E - a +1 ring of protection (left hand)
 I - an amulet of harm (around neck)
 L - an uncursed ring of flight
Wands
 d - a wand of clouds (5)
 o - a wand of disintegration (8)
 p - a wand of acid (8)
 w - a wand of scattershot (3)
 F - a wand of iceblast (21)
 R - a wand of flame (66)
 Y - a wand of paralysis (14)
Scrolls
 e - 2 scrolls of identify
 h - 17 scrolls of remove curse
 l - 3 scrolls of magic mapping
 r - 3 scrolls of fear
 u - 6 scrolls of enchant armour
 x - 5 scrolls of blinking
 z - 6 scrolls of fog
 C - a scroll of amnesia
 K - 7 scrolls of teleportation
 P - a scroll of enchant weapon
 Q - 3 scrolls of silence
 T - a scroll of holy word
Potions
 b - 4 potions of brilliance
 g - 3 potions of magic
 j - 4 potions of invisibility
 m - 4 potions of agility
 n - a potion of ambrosia
 s - a potion of might
 t - 16 potions of curing
 D - 7 potions of heal wounds
 G - 3 potions of haste
 H - a potion of cancellation
 U - a potion of resistance
Miscellaneous
 M - a sack of spiders
Comestibles
 f - 38 rations
 N - 2 chunks of flesh


   Skills:
 + Level 15.9(20.9) Fighting
 + Level 15.9(20.9) Axes
 - Level 2.0(7.0) Throwing
 + Level 14.5(19.5) Armour
 - Level 11.0(16.0) Dodging
 - Level 10.0(15.0) Shields
 - Level 8.0 Invocations
 + Level 5.8 Evocations


You had 14 spell levels left.
You didn't know any spells.
Your spell library contained the following spells:

 Spells                   Type           Power        Failure   Level  Hunger
 Animate Skeleton         Necr           N/A          91%         1    ##.....
 Magic Dart               Conj           #...         91%         1    ##.....
 Pain                     Necr           #...         91%         1    ##.....
 Sandblast                Erth           #.....       91%         1    ##.....
 Sting                    Conj/Pois      #...         91%         1    ##.....
 Passwall                 Tmut/Erth      #.......     97%         2    ###....
 Poisonous Vapours        Pois/Air       #.....       97%         2    ###....
 Searing Ray              Conj           #.....       97%         2    ###....
 Dazzling Spray           Conj/Hex       #.....       100%        3    ####...
 Mephitic Cloud           Conj/Pois/Air  #.......     100%        3    ####...
 Regeneration             Chrm/Necr      #.........   100%        3    ####...
 Stone Arrow              Conj/Erth      #.....       100%        3    ####...
 Vampiric Draining        Necr           #.........   100%        3    ####...
 Animate Dead             Necr           N/A          100%        4    #####..
 Force Lance              Conj/Tloc      #.......     100%        4    #####..
 Fulminant Prism          Conj/Hex       #.........   100%        4    #####..
 Iskenderun's Mystic Bla  Conj           #.......     100%        4    #####..
 Olgreb's Toxic Radiance  Pois           #.......     100%        4    #####..
 Petrify                  Tmut/Erth      #.......     100%        4    #####..
 Lee's Rapid Deconstruct  Erth           #.........   100%        5    ######.
 Venom Bolt               Conj/Pois      #.........   100%        5    ######.


Dungeon Overview and Level Annotations

Branches:
Dungeon (15/15)            Temple (1/1) D:5            Lair (6/6) D:10
  Swamp (0/4) Lair:3        Snake (0/4) Lair:3        Slime (0/5) Lair:6
    Orc (2/2) D:12         Vaults (0/5) D:13         Depths (0/5) D:15
    Elf: Orc:2

Altars:
Ashenzari
Cheibriados
Dithmenos
Fedhas
Hepliaklqana
Kikubaaqudgha
Makhleb
Okawaru
Qazlal
Ru
Uskayaw
Vehumet
Wu Jian
Xom
Yredelemnul
Zin
The Shining One
Jiyva

Shops:
D:4 (   D:6 =   D:8 [   D:11 }   Orc:2 :

Annotations:
Lair:2 exclusion: 2 oklob plants
Lair:3 3 runed doors, Guahish's ghost, journeyman GrEE


Innate Abilities, Weirdness & Mutations

You reflexively headbutt those who attack you in melee.
You have a pair of horns on your head.


Message History

The troll claws you but does no damage.
An ogre comes into view. It is wielding a +0 giant club.
The orc wizard hits you with a +0 dagger.
The troll bites you. The troll claws you.
* * * LOW HITPOINT WARNING * * *
The troll claws you but does no damage.
The orc warlord roars a battlecry!
The orcs go into a battle-frenzy!
The troll bites you!
* * * LOW HITPOINT WARNING * * *
The troll claws you.
* * * LOW HITPOINT WARNING * * *
The troll claws you but does no damage.
The orc wizard hits you with a +0 dagger.
* * * LOW HITPOINT WARNING * * *
The orc priest begins to cast a cantrip, but forgets the words!
The orc warrior throws a poisoned tomahawk.
The poisoned tomahawk hits you but does no damage.
The orc warlord hits you with a +1 battleaxe!!
You die...

... ...........
...##......P....
..............∩.
................
....o...$......8
..........P.....
.....$o)o§.....P
......oToTo.....
#......)@o..##.
.......))o......
.........o......
........#.......
.....#.#....(...
....... ......#.
#...... ..O.###
##....P .....
#..... .....#


You could see an orc warlord, 2 trolls, 2 orc warriors, an ogre, an orc priest,
2 orc wizards and 3 orcs.

Vanquished Creatures
  Roxanne (D:14)
  5 dire elephants (Lair:6)
  A minotaur (Lab)
  Snorg (D:14)
  An ettin (D:15)
  Josephine (D:14)
  3 ogre magi
  3 vault guards (D:13)
  4 hydras
  Fannar (D:12)
  A catoblepas (D:15)
  An anaconda (Lair:6)
  12 two-headed ogres
  3 centaur warriors
  3 tengu warriors
  An orc high priest (Orc:2)
  A hell knight (D:15)
  Nergalle (D:12)
  2 unseen horrors
  5 skeletal warriors (D:11)
  A wizard (D:14)
  A lindwurm (Lair:6)
  2 orc knights (Orc:2)
  An orc sorcerer (Orc:2)
  12 ugly things
  2 deep elf magi (D:15)
  2 manticores
  2 cyclopes
  2 black mambas
  Maurice (D:9)
  4 elephants (Lair:6)
  Psyche (D:11)
  A gargoyle (D:15)
  5 komodo dragons
  12 spiny frogs
  A rime drake (Lair:4)
  A freezing wraith (D:14)
  8 trolls
  A polar bear (Lair:6)
  A queen bee (Lair:3)
  Grinder (D:5)
  4 slime creatures (D:15)
  9 blink frogs
  8 hippogriffs
  A shadow (D:13)
  7 wraiths
  3 wyverns
  28 yaks
  Eustachio (D:5)
  4 basilisks
  3 hungry ghosts
  3 vampire mosquitoes (D:13)
  2 wargs (Orc:1)
  A soldier ant (D:12)
  A naga (Lair:3)
  3 acid dragons
  15 water moccasins
  Duvessa (D:7)
  7 porcupines
  4 black bears
  An ice beast (D:8)
  A necrophage (D:11)
  18 orc warriors
  6 phantoms
  6 sky beasts
  9 ogres
  10 wolves
  17 centaurs
  16 crocodiles
  6 big kobolds
  18 bullfrogs
  Dowan (D:7)
  A wyvern zombie (D:15)
  5 scorpions
  48 killer bees
  A troll zombie (D:12)
  12 wights
  6 howler monkeys
  2 centaur zombies
  8 crimson imps
  2 quasits
  6 hounds
  8 jellies
  Crazy Yiuf (D:4)
  8 orc priests
  6 bullfrog skeletons
  3 centaur skeletons
  12 orc wizards
  5 iguanas
  10 worker ants
  7 ogre zombies (D:12)
  A hound skeleton (D:8)
  2 worker ant zombies
  A howler monkey skeleton (D:7)
  9 gnolls
  6 river rats
  11 adders
  5 shadow imps
  2 oozes
  2 worms
  An adder skeleton (D:4)
  3 dart slugs
  3 leopard geckos
  39 orcs
  6 giant cockroaches
  12 goblins
  13 hobgoblins
  6 jackals
  2 quokkas (D:2)
  9 ball pythons
  7 bats
  6 frilled lizards
  2 goblin skeletons (D:12)
  5 goblin zombies (D:12)
  2 hobgoblin skeletons (D:12)
  3 hobgoblin zombies (D:12)
  57 kobolds
  A leopard gecko zombie (D:5)
  2 orc skeletons (D:12)
  11 orc zombies (D:12)
  32 rats
  10 plants
749 creatures vanquished.

Vanquished Creatures (others)
  8 fungi
  5 plants
13 creatures vanquished.

Grand Total: 762 creatures vanquished

Notes
Turn   | Place    | Note
-------+----------+-------------------------------------------
     0 | D:1      | Napalmbreeze the Minotaur Gladiator began the quest for the
                  | Orb.
     0 | D:1      | Reached XP level 1. HP: 18/18 MP: 0/0
   202 | D:1      | Reached XP level 2. HP: 25/25 MP: 1/1
   299 | D:1      | Reached skill level 1 in Armour
   653 | D:1      | Reached XP level 3. HP: 26/30 MP: 2/2
  1262 | D:2      | Reached XP level 4. HP: 38/38 MP: 3/3
  1889 | D:3      | Reached skill level 5 in Axes
  1939 | D:3      | You fall through a shaft!
  1967 | D:4      | Reached XP level 5. HP: 45/45 MP: 4/4
  2111 | D:4      | Found a runed door.
  2118 | D:4      | Noticed Crazy Yiuf
  2124 | D:4      | Killed Crazy Yiuf
  2523 | D:4      | Found a shattered altar of Ashenzari.
  2734 | D:4      | Noticed a phantom
  2940 | D:3      | Reached XP level 6. HP: 52/52 MP: 5/5
  3509 | D:3      | Found a shimmering altar of Xom.
  4092 | D:4      | Found Rudiar's Antique Weapon Boutique.
  4097 | D:4      | Reached XP level 7. HP: 50/60 MP: 6/6
  4198 | D:4      | Reached skill level 5 in Dodging
  4489 | D:5      | Entered Level 5 of the Dungeon
  4489 | D:5      | Noticed Grinder
  4535 | D:5      | Paralysed by Grinder for 7 turns
  4665 | D:5      | Killed Grinder
  4665 | D:5      | Reached skill level 5 in Fighting
  4673 | D:5      | Found a staircase to the Ecumenical Temple.
  4687 | Temple   | Entered the Ecumenical Temple
  4702 | Temple   | Became a worshipper of Warmaster Okawaru
  4740 | D:5      | Noticed Eustachio
  4747 | D:5      | Killed Eustachio
  4747 | D:5      | Reached XP level 8. HP: 69/69 MP: 7/7
  4756 | D:5      | Found a shadowy altar of Dithmenos.
  4805 | D:5      | Reached skill level 5 in Armour
  4899 | D:5      | Reached * piety under Okawaru
  5051 | D:5      | Got an encrusted leather armour
  5062 | D:5      | Identified the +1 leather armour of the Kangaroo {Dex+2}
                  | (You found it on level 5 of the Dungeon)
  5120 | D:5      | Found an ornate altar of the Wu Jian Council.
  5190 | D:6      | Found Zuwk's Jewellery Shop.
  5364 | D:6      | Found a hazy altar of Hepliaklqana.
  5427 | D:6      | Found a glowing drain.
  5433 | D:6      | Reached skill level 1 in Shields
  5441 | Sewer    | Entered a sewer
  5720 | Sewer    | Reached XP level 9. HP: 78/78 MP: 8/8
  5899 | D:6      | Reached ** piety under Okawaru
  6307 | D:7      | Noticed Duvessa
  6307 | D:7      | Noticed Dowan
  6321 | D:7      | Killed Duvessa
  6322 | D:7      | Reached skill level 10 in Axes
  6323 | D:7      | Killed Dowan
  6355 | D:7      | Found a sacrificial altar of Ru.
  6361 | D:7      | Found a flagged portal.
  6431 | Bailey   | Entered a bailey
  6530 | Bailey   | Found the +3 robe of Folly {Archmagi, MR-- Int+5}
  6810 | Bailey   | Found a bloodstained altar of Trog.
  7029 | D:7      | Reached *** piety under Okawaru
  7883 | D:8      | Found a stormy altar of Qazlal.
  7883 | D:8      | Found a snail-covered altar of Cheibriados.
  7938 | D:8      | Reached XP level 10. HP: 82/88 MP: 9/9
  7979 | D:8      | Reached skill level 5 in Shields
  8089 | D:8      | Found Inketop's Antique Armour Boutique.
  8370 | D:8      | Noticed a two-headed ogre
  8380 | D:8      | Killed a two-headed ogre
  8380 | D:8      | Reached skill level 1 in Invocations
  8623 | D:8      | Reached **** piety under Okawaru
  8857 | D:9      | Noticed Maurice
  8869 | D:9      | Killed Maurice
  8885 | D:9      | Found a glowing golden altar of the Shining One.
  8890 | D:9      | Found a radiant altar of Vehumet.
  9572 | D:10     | Entered Level 10 of the Dungeon
  9907 | D:10     | Found a staircase to the Lair.
 10160 | D:10     | Reached ***** piety under Okawaru
 10170 | D:10     | Reached XP level 11. HP: 88/97 MP: 12/12
 10787 | D:11     | Noticed a cyan ugly thing
 10851 | Lair:1   | Entered Level 1 of the Lair of Beasts
 10888 | Lair:1   | Noticed a five-headed hydra
 11065 | Lair:1   | Received a gift from Okawaru
 11445 | Lair:1   | Got a transparent whip
 11446 | Lair:1   | Identified the +8 whip "Mireax" {venom, Int+4} (You found
                  | it on level 1 of the Lair of Beasts)
 12044 | Lair:1   | Killed a five-headed hydra
 12044 | Lair:1   | Reached skill level 10 in Fighting
 13102 | D:8      | Bought a transparent plate armour for 1036 gold pieces
 13112 | D:8      | Identified the +1 plate armour of the Shoals {Int+4 Dex+4}
                  | (You bought it in a shop on level 8 of the Dungeon)
 13317 | Lair:2   | Noticed an oklob plant
 13318 | Lair:2   | Noticed an oklob plant
 13590 | Lair:2   | Reached skill level 5 in Invocations
 13611 | Lair:2   | Received a gift from Okawaru
 13636 | Lair:2   | Identified a scroll of acquirement
 13807 | Lair:2   | Reached skill level 10 in Armour
 14355 | Lair:3   | Found a staircase to the Snake Pit.
 14458 | Lair:3   | Found a runed gate.
 14458 | Lair:3   | Found a runed gate.
 14458 | Lair:3   | Found a runed gate.
 14558 | Lair:3   | Reached XP level 12. HP: 110/110 MP: 15/15
 15259 | Lair:3   | Found a staircase to the Swamp.
 15495 | Lair:3   | Noticed Guahish's ghost (journeyman GrEE)
 15651 | Lair:4   | Found a labyrinth entrance.
 15660 | Lab      | Entered a labyrinth
 16153 | Lab      | Noticed a minotaur
 16175 | Lab      | Killed a minotaur
 16870 | Lair:4   | Reached skill level 10 in Dodging
 16870 | Lair:4   | Reached XP level 13. HP: 119/119 MP: 16/16
 17307 | Lair:5   | Received a gift from Okawaru
 17764 | Lair:6   | Entered Level 6 of the Lair of Beasts
 18221 | Lair:6   | Reached ****** piety under Okawaru
 18221 | Lair:6   | Reached skill level 10 in Shields
 18448 | Lair:6   | Received a gift from Okawaru
 18589 | Lair:6   | Found a viscous altar of Jiyva.
 18589 | Lair:6   | Found a staircase to the Slime Pits.
 18937 | Lair:6   | Noticed a dire elephant
 18953 | Lair:6   | Killed a dire elephant
 18953 | Lair:6   | Reached XP level 14. HP: 104/129 MP: 10/18
 19184 | Lair:6   | Received a gift from Okawaru
 19187 | Lair:6   | Got a transparent cloak {god gift}
 19198 | Lair:6   | Identified the +0 cloak of Moral Flaws {Str+7} (Okawaru
                  | gifted it to you on level 6 of the Lair of Beasts)
 20096 | D:11     | Found Aqosh's Gadget Shop.
 20393 | D:11     | Noticed Psyche
 20412 | D:11     | Killed Psyche
 20781 | D:12     | Noticed Fannar
 20798 | D:12     | Killed Fannar
 20914 | D:12     | Noticed Nergalle
 20921 | D:12     | Killed Nergalle
 20996 | D:12     | Found a staircase to the Orcish Mines.
 21312 | D:12     | Reached skill level 1 in Evocations
 21528 | D:13     | Received a gift from Okawaru
 21536 | D:13     | Got a twisted broad axe {god gift}
 21540 | D:12     | Identified the +5 broad axe "Nuitanlu" {elec, *Rage +Blink
                  | rElec rF- rC+ SInv} (Okawaru gifted it to you on level 13
                  | of the Dungeon)
 22336 | D:13     | Reached skill level 15 in Axes
 22377 | D:13     | Reached XP level 15. HP: 115/139 MP: 20/20
 22378 | D:13     | Found a gate to the Vaults.
 22673 | D:14     | Noticed Roxanne
 22689 | D:14     | Received a gift from Okawaru
 22692 | D:14     | Got a crude scale mail {god gift}
 22704 | D:14     | Identified the +3 scale mail of Hopscotch {rF+ Dex+2 SInv}
                  | (Okawaru gifted it to you on level 14 of the Dungeon)
 22768 | D:14     | Reached skill level 15 in Fighting
 23090 | D:14     | Noticed Josephine
 23105 | D:14     | Killed Josephine
 23204 | D:14     | Noticed Snorg
 23208 | D:14     | Killed Snorg
 23444 | D:14     | Killed Roxanne
 23689 | D:15     | Entered Level 15 of the Dungeon
 24134 | D:15     | Received a gift from Okawaru
 24138 | D:15     | Reached skill level 5 in Evocations
 24289 | D:15     | Found a staircase to the Depths.
 25024 | Orc:1    | Entered Level 1 of the Orcish Mines
 25308 | Orc:2    | Entered Level 2 of the Orcish Mines
 25308 | Orc:2    | Found Weis's Book Shop.
 25325 | Orc:2    | Noticed an orc warlord
 25346 | Orc:2    | Slain by an orc warlord

Vault maps used:
D:1:      lemuel_arrival_tunnels
D:2:      minmay_misc_feat_roman, minmay_quantized
D:3:      tgw_xom
D:4:      serial_shops, shop, ashenzari_altar_1, uniq_crazy_yiuf_cottage
D:5:      nicolae_dithmenos_shadow_blocks, overflow_temple_1_default,
          minmay_temple_entry_glass, first_ration, uniq_eustachio, uniq_grinder
D:6:      old_standard_altar, portal_sewer_entry_a, serial_shops, shop
D:7:      nicolae_ru_sacrificial_ziggurat, enter_bailey_2, uniq_duvessa
D:8:      grunt_temple_overflow_open, serial_shops, shop
D:9:      kennysheep_mini_moat, vehumet_altar_wand_db, uniq_maurice
D:10:     dpeg_oklobed_lair
D:11:     serial_shops, shop, portal_ice_cave_entry_pillars_1, uniq_psyche
D:12:     zombieorc2_lemuel, uniq_fannar, uniq_nergalle
D:13:     lightli_vaults_fourway_checkpoint
D:14:     wad_floor_pattern_untrapped, uniq_josephine, uniq_snorg, uniq_roxanne
D:15:     hangedman_depths_entry_civil_slaughter, grunt_decor_clamped
Temple:   dshaligram_water_room_temple
Lair:1:   grunt_megastairs_4, infiniplex_staircase_pool_2, serial_bayou_shore_a
Lair:2:   chequers_serial_rivers_micro_b, beast_lair_carwin_5,
          minmay_lair_oklob_chamber
Lair:3:   regret_index_bee_streams, swamp_mist, guppyfry_snake_entry_island,
          gammafunk_ghost_icy, eino_small_chamber_without_monster
Lair:4:   lab_entry_generic, serial_bayou_ford_a
Lair:5:   nicolae_lair_grove_arrangements
Lair:6:   due_jungle_book, slime_altar_1, lemuel_fruit_fields,
          grunt_megastairs_2
Orc:1:    david_defended_altar_orc
Orc:2:    grunt_orc_gardens, grunt_orc_garden, grunt_orc_garden,
          grunt_orc_garden, grunt_orc_garden, serial_shops, shop, basic_altar
Lab:      labyrinth_mini_lab, labyrinth_skeletal_remains, nicolae_lab_do_over
Sewer:    sewer_minmay_treatment
Bailey:   bailey_axe_3, bailey

Skill      XL: |  1  2  3  4  5  6  7  8  9 10 11 12 13 14 15 |
---------------+----------------------------------------------+-----
Axes           | 4 5 6 7 9 11 12 13 15 | 15.9
Armour         | 1 2 3 4 6 7 8 10 11 13 14 | 14.5
Fighting       | 3 4 5 6 8 9 11 12 13 14 15 | 15.9
Dodging        | 4 5 6 10 11 | 11.0
Shields        | 1 4 6 8 9 10 | 10.0
Invocations    | 3 5 6 7 8 |  8.0
Evocations     | 3 5 |  5.8
Throwing       | |  2.0

Action                   |  1- 3 |  4- 6 |  7- 9 | 10-12 | 13-15 || total
-------------------------+-------+-------+-------+-------+-------++-------
Melee: War axe           |    91 |   108 |   300 |   277 |       ||   776
       Headbutt          |    14 |    18 |    44 |   157 |   292 ||   525
       Whip              |       |       |       |   376 |   375 ||   751
       Battleaxe         |       |       |       |    44 |       ||    44
       Broad axe         |       |       |       |       |   571 ||   571
Invok: Heroism           |       |       |     4 |     7 |    11 ||    22
       Finesse           |       |       |       |     1 |     4 ||     5
Evoke: Wand              |       |       |     7 |       |       ||     7
  Use: Scroll            |       |       |     7 |    12 |     4 ||    23
       Potion            |       |       |       |     4 |    10 ||    14
 Stab: Sleeping          |       |     4 |     2 |       |       ||     6
  Eat: Chunk             |     1 |     9 |    10 |    19 |    12 ||    51
       Ration            |       |       |     1 |     3 |     6 ||    10
Armor: Leather armour    |     3 |    12 |    19 |       |       ||    34
       Scale mail        |    30 |     6 |   121 |   113 |       ||   270
       Plate armour      |       |       |       |    91 |   245 ||   336
Dodge: Dodged            |    69 |    68 |   166 |   225 |   275 ||   803
Block: Shield            |       |       |   138 |   310 |   532 ||   980

Table legend:
 A = Non-vault XP
 B = Vault XP
 C = Vault XP percentage of total XP
 D = Non-vault monster count
 E = Vault monster count
 F = Vault count percentage of total count
                 A         B        C        D         E       F
            +---------+---------+-------+---------+---------+-------
      Total |   82929 |   36885 |  30.8 |     528 |     211 |  28.6
            +---------+---------+-------+---------+---------+-------
        D:1 |      43 |       0 |   0.0 |      28 |       0 |   0.0
        D:2 |     107 |       1 |   0.9 |      29 |       1 |   3.3
        D:3 |      92 |      56 |  37.8 |      27 |       4 |  12.9
        D:4 |     501 |      41 |   7.6 |      12 |       1 |   7.7
        D:5 |     553 |     453 |  45.0 |      12 |       2 |  14.3
        D:6 |     739 |      38 |   4.9 |      15 |       7 |  31.8
        D:7 |    1448 |     223 |  13.3 |      22 |       2 |   8.3
        D:8 |    3078 |       0 |   0.0 |      39 |       0 |   0.0
        D:9 |     606 |     470 |  43.7 |      11 |       2 |  15.4
       D:10 |    2295 |       0 |   0.0 |      32 |       0 |   0.0
       D:11 |    9111 |     454 |   4.7 |      46 |       1 |   2.1
       D:12 |    3262 |    2433 |  42.7 |      31 |      38 |  55.1
       D:13 |   11831 |    6046 |  33.8 |      40 |       9 |  18.4
       D:14 |    3609 |    6329 |  63.7 |      17 |       8 |  32.0
       D:15 |   16214 |    4865 |  23.1 |      40 |       5 |  11.1
     Lair:1 |    4617 |     467 |   9.2 |      20 |       2 |   9.1
     Lair:2 |    2871 |    1053 |  26.8 |      12 |       6 |  33.3
     Lair:3 |    1509 |    5549 |  78.6 |      10 |      45 |  81.8
     Lair:4 |    2451 |       0 |   0.0 |      12 |       0 |   0.0
     Lair:5 |    2391 |       0 |   0.0 |       7 |       0 |   0.0
     Lair:6 |   13582 |    3186 |  19.0 |      36 |       7 |  16.3
      Orc:1 |    1369 |       0 |   0.0 |      21 |       0 |   0.0
      Orc:2 |     650 |    3289 |  83.5 |       9 |       9 |  50.0
        Lab |       0 |    1215 | 100.0 |       0 |       1 | 100.0
      Sewer |       0 |     285 | 100.0 |       0 |      48 | 100.0
     Bailey |       0 |     432 | 100.0 |       0 |      13 | 100.0
            +---------+---------+-------+---------+---------+-------
